 Dungeon Crawl Stone Soup version 0.25-a0-578-gc91f01c39c (webtiles) character file.

Game seed: 18298634782349886263, levelgen mode: deterministic

301 An17 the Insei (level 6, -2/34 HPs)
             Began as a Vine Stalker Transmuter on Mar 6, 2020.
             Slain by Natasha (6 damage)
             ... on level 2 of the Dungeon.
             The game lasted 00:05:08 (1274 turns).

An17 the Insei (Vine Stalker Transmuter)            Turns: 1274, Time: 00:05:09

Health: -2/34      AC:  3    Str: 14    XL:     6   Next: 37%
Magic:  0/15       EV: 14    Int: 14    God:
Gold:   72         SH:  0    Dex: 14    Spells: 10/16 levels left

rFire    . . .     SeeInvis .     - Unarmed
rCold    . . .     Gourm    .   (no shield)
rNeg     . . .     Faith    .   b - +1 robe
rPois    .         Spirit   +   (no helmet)
rElec    .         Reflect  .   (no cloak)
rCorr    .         Harm     .   (no gloves)
MR       .....                  (no boots)
Stlth    +.........             (no amulet)
HPRegen  0.51/turn              (no ring)
MPRegen  0.14/turn              (no ring)

@: appendage (expiring)
A: fangs 2, horns 2, regeneration 1, magic shield, antimagic bite, no potion
heal 3, rot immunity
a: End Transformation


You were on level 2 of the Dungeon.
You were not hungry.
You had grown temporary horns.
You visited 1 branch of the dungeon, and saw 2 of its levels.

You collected 72 gold pieces.

Inventory:

Hand Weapons
 f - a +2 dagger of venom
Missiles
 a - 12 arrows
 h - 5 silver boomerangs (quivered)
Armour
 b - a +1 robe (worn)
 e - a +0 scale mail
Scrolls
 g - a scroll of fear
Potions
 c - 2 potions of curing {unknown}
 i - a potion of experience
Comestibles
 d - 3 rations


   Skills:
 + Level 4.4 Fighting
 + Level 4.7 Dodging
 + Level 6.8 Unarmed Combat
 + Level 5.7 Spellcasting
 + Level 5.5 Transmutations
 + Level 4.5 Poison Magic


You had 10 spell levels left.
You knew the following spells:

 Your Spells              Type           Power        Failure   Level  Hunger
a - Beastly Appendage     Tmut           ###...       1%          1    None
b - Sticks to Snakes      Tmut           ###.....     2%          2    #......
c - Spider Form           Tmut/Pois      ###.......   6%          3    ###....

Your spell library contained the following spells:

 Spells                   Type           Power        Failure   Level  Hunger
 Blade Hands              Tmut           ###.......   43%         5    ######.
 Ice Form                 Ice/Tmut       ##......     45%         4    ####...


Dungeon Overview and Level Annotations

Branches:
Dungeon (2/15)

Altars:

Annotations:
D:2 Natasha


Innate Abilities, Weirdness & Mutations

You have extremely sharp teeth.
Your natural rate of healing is unusually fast.
When hurt, damage is shared between your health and your magic reserves.
Your bite disrupts and absorbs the magic of your enemies.
Potions cannot restore your health.
You are immune to rotting.
You have a pair of horns on your head.


Message History

You hit Natasha but do no damage.
Your transformation is almost over.
Natasha stares at you and mumbles some strange words.
The magic dart hits you.
* * * LOW HITPOINT WARNING * * *
You closely miss Natasha. Natasha closely misses you.
It was a potion of experience.
You feel more experienced!
Your Fighting skill gained 3 levels and is now at level 4!
Your Dodging skill gained 2 levels and is now at level 4!
Your Unarmed Combat skill gained 2 levels and is now at level 6!
Your Spellcasting skill gained 3 levels and is now at level 5!
Your Transmutations skill gained 3 levels and is now at level 5!
Your Poison Magic skill gained 4 levels and is now at level 4!
You have reached level 6!
Your experience leads to an increase in your attributes!
Increase (S)trength, (I)ntelligence, or (D)exterity?
You feel stronger. Natasha claws you!
You die...

#.# ##..###...###)# #..<.... #.#
#..## ###...#.####......#
####..###.## ###.....##......#
..###.#...# #...#.######..†
#...#....##########.###......####
#...........†.......########.....
..######.#######.##....#########.
.## #..######.#####........##. ##
........h@# ########..#.
#.........)# ##.## #........>.#
#.). #..........# ####
#..........# # .......=#
........# #########


You could see Natasha.

Vanquished Creatures
  Natasha (twice) (D:2)
  2 adders (D:2)
  An ooze (D:2)
  2 worms (D:2)
  4 dart slugs
  5 leopard geckos
  3 giant cockroaches
  15 hobgoblins
  2 jackals (D:2)
  A quokka (D:2)
  6 bats
  4 frilled lizards
  4 goblins
  8 kobolds
  6 rats
65 creatures vanquished.

Notes
Turn   | Place    | Note
-------+----------+-------------------------------------------
     0 | D:1      | An17 the Vine Stalker Transmuter began the quest for the
                  | Orb.
     0 | D:1      | Reached XP level 1. HP: 9/9 MP: 4/4
    40 | D:1      | Reached XP level 2. HP: 9/14 MP: 3/6
    44 | D:1      | Learned a level 2 spell: Sticks to Snakes
   294 | D:1      | Reached XP level 3. HP: 6/17 MP: 5/7
   299 | D:1      | Learned a level 3 spell: Spider Form
   464 | D:1      | Reached skill level 1 in Fighting
   966 | D:2      | Noticed Natasha
   976 | D:2      | Killed Natasha
   976 | D:2      | Reached skill level 4 in Unarmed Combat
   976 | D:2      | Gained mutation: Your natural rate of healing is unusually
                  | fast. [Vine Stalker growth]
   976 | D:2      | Reached XP level 4. HP: 4/22 MP: 2/9
  1059 | D:2      | Noticed Natasha
  1094 | D:2      | Killed Natasha
  1094 | D:2      | Reached XP level 5. HP: 25/25 MP: 6/10
  1267 | D:2      | Noticed Natasha
  1274 | D:2      | Reached skill level 6 in Unarmed Combat
  1274 | D:2      | Reached skill level 5 in Spellcasting
  1274 | D:2      | Reached skill level 5 in Transmutations
  1274 | D:2      | Reached XP level 6. HP: 4/34 MP: 2/15
  1274 | D:2      | Slain by Natasha

Levels and vault maps discovered:
D:1:      heliophobic_arrival_enchanted_forest, layout_loops_cross,
          minmay_close_crescents
D:2:      layout_rooms, uniq_natasha

Skill      XL: |  1  2  3  4  5 |
---------------+----------------+-----
Dodging        | 2 4 |  4.7
Fighting       | 1 4 |  4.4
Unarmed Combat | 4 6 |  6.8
Spellcasting   | 5 |  5.7
Transmutations | 5 |  5.5
Poison Magic   | 4 |  4.5

Action                   |  1- 3 |  4- 6 || total
-------------------------+-------+-------++-------
Melee: Unarmed           |   123 |    70 ||   193
       Kick              |    14 |    14 ||    28
       Bite              |    26 |    14 ||    40
       Headbutt          |     3 |     4 ||     7
       Punch             |     2 |       ||     2
 Cast: Beastly Appendage |    13 |     8 ||    21
       Spider Form       |       |     1 ||     1
  Use: Scroll            |     3 |     1 ||     4
       Potion            |       |     1 ||     1
 Stab: Distracted        |     1 |       ||     1
  Eat: Ration            |     1 |       ||     1
Armor: Robe              |    22 |    11 ||    33
Dodge: Dodged            |    76 |    39 ||   115

Table legend:
 A = Non-vault XP
 B = Vault XP
 C = Vault XP percentage of total XP
 D = Non-vault monster count
 E = Vault monster count
 F = Vault count percentage of total count
                 A         B        C        D         E       F
            +---------+---------+-------+---------+---------+-------
      Total |     179 |      44 |  19.7 |      60 |       5 |   7.7
            +---------+---------+-------+---------+---------+-------
        D:1 |      50 |       8 |  13.8 |      27 |       4 |  12.9
        D:2 |     129 |      36 |  21.8 |      33 |       1 |   2.9
            +---------+---------+-------+---------+---------+-------
